 Dungeon Crawl Stone Soup version 0.21.1-1-g345015f (webtiles) character file.

3847 spiff the Carver (level 10, -3/79 HPs)
             Began as a Human Warper on July 6, 2018.
             Was an Elder of Cheibriados.
             Slain by a troll (10 damage)
             ... on level 9 of the Dungeon.
             The game lasted 00:26:10 (12282 turns).

spiff the Carver (Human Warper)                    Turns: 12282, Time: 00:26:11

Health: -3/79      AC:  7    Str: 24    XL:     10   Next: 41%
Magic:  15/15      EV: 14    Int: 23    God:    Cheibriados [****..]
Gold:   474        SH:  0    Dex: 21    Spells: 5/16 levels left

rFire    + . .     SeeInvis .   s - +0 long sword
rCold    + . .     Gourm    .   (no shield)
rNeg     . . .     Faith    .   q - +1 scale mail
rPois    .         Spirit   .   (no helmet)
rElec    .         Reflect  .   M - scarf {rC+ rF+}
rCorr    .         Harm     .   (no gloves)
MR       .....                  (no boots)
Stlth    +.........             (no amulet)
HPRegen  0.23/turn              j - ring of stealth
MPRegen  0.14/turn              (no ring)

@: very slow
A: no striking features
a: Bend Time, Temporal Distortion, Slouch, Renounce Religion


You were on level 9 of the Dungeon.
You worshipped Cheibriados.
Cheibriados was greatly pleased with you.
You were hungry.

You visited 2 branches of the dungeon, and saw 10 of its levels.

You collected 526 gold pieces.
You spent 52 gold pieces at shops.

Inventory:

Hand Weapons
 n - a +1 dagger of venom
 s - a +0 long sword (weapon)
Missiles
 e - 5 tomahawks of dispersal
 y - 13 tomahawks (quivered)
Armour
 b - a +0 leather armour
 q - a +1 scale mail (worn)
 E - a +0 shield
 F - a +0 ring mail of magic resistance
 L - a +0 plate armour of poison resistance
 M - a scarf of resistance (worn)
Jewellery
 j - a ring of stealth (left hand)
 w - an uncursed amulet of faith
Wands
 g - a wand of enslavement (3)
 x - a wand of acid (2)
 C - a wand of flame (24)
Scrolls
 d - a scroll of blinking
 h - 3 scrolls of remove curse
 m - a scroll of immolation {unknown}
 p - 3 scrolls of teleportation {unknown}
 t - a scroll of holy word {unknown}
 u - 3 scrolls of enchant armour
 A - 3 scrolls of amnesia
 B - a scroll of enchant weapon {unknown}
 G - 2 scrolls of magic mapping
 H - 4 scrolls of identify
 K - a scroll of random uselessness {unknown}
Potions
 a - 2 potions of mutation
 i - a potion of heal wounds
 k - a potion of magic
 l - 2 potions of brilliance
 r - a potion of resistance
 v - a potion of cancellation
 z - 2 potions of degeneration {unknown}
Books
 c - a book of Spatial Translocations

   Spells                             Type                      Level
   a - Blink                          Translocation                2
   b - Shroud of Golubria             Charms/Translocation         2
   c - Lesser Beckoning               Translocation                3
   d - Gell's Gravitas                Translocation                3
   e - Teleport Other                 Translocation                3
   f - Passage of Golubria            Translocation                4
 o - a book of Minor Magic

   Spells                             Type                      Level
   a - Magic Dart                     Conjuration                  1
   b - Blink                          Translocation                2
   c - Call Imp                       Summoning                    2
   d - Slow                           Hexes                        2
   e - Conjure Flame                  Conjuration/Fire             3
   f - Mephitic Cloud                 Conjuration/Poison/Air       3
 I - a book of Debilitation

   Spells                             Type                      Level
   a - Corona                         Hexes                        1
   b - Slow                           Hexes                        2
   c - Inner Flame                    Hexes/Fire                   3
   d - Portal Projectile              Hexes/Translocation          3
   e - Cause Fear                     Hexes                        4
   f - Leda's Liquefaction            Hexes/Earth                  4
 J - a book of Clouds

   Spells                             Type                      Level
   a - Poisonous Vapours              Poison/Air                   2
   b - Mephitic Cloud                 Conjuration/Poison/Air       3
   c - Conjure Flame                  Conjuration/Fire             3
   d - Freezing Cloud                 Conjuration/Ice/Air          6
   e - Ring of Flames                 Charms/Fire                  7
Comestibles
 f - 18 rations


   Skills:
 - Level 7.0 Fighting
 - Level 8.1 Long Blades
 - Level 1.0 Throwing
 - Level 1.0 Armour
 - Level 5.0 Dodging
 + Level 3.7 Spellcasting
 + Level 8.1 Translocations
 + Level 3.0 Invocations


You had 5 spell levels left.
You knew the following spells:

 Your Spells              Type           Power        Failure   Level  Hunger
a - Blink                 Tloc           N/A          1%          2    #......
b - Shroud of Golubria    Chrm/Tloc      ###.......   8%          2    #......
c - Passage of Golubria   Tloc           N/A          10%         4    ####...
d - Lesser Beckoning      Tloc           #####.....   2%          3    ###....


Dungeon Overview and Level Annotations

Branches:
Dungeon (9/15)             Temple (1/1) D:4
   Lair: D:8-11         Orc: D:9-12

Altars:
Ashenzari
Cheibriados
Dithmenos
Elyvilon
Fedhas
Gozag
Makhleb
Nemelex Xobeh
Okawaru
Qazlal
Sif Muna
Trog
Uskayaw
Vehumet
Xom
Yredelemnul
The Shining One

Shops:
D:5 *   D:7 *

Annotations:
D:3 olivier's ghost, amateur MfGl
D:8 exclusion: basilisk


Message History

Wield which item (- for none, * to show all)? (? for menu, Esc to quit)
Your +1 dagger of venom stops dripping with poison.
s - a +0 long sword (weapon)
Okay, then.
You hit the troll.
The troll is severely wounded.
The troll bites you but does no damage. The troll claws you.
* * * LOW HITPOINT WARNING * * *
The troll claws you but does no damage.
You barely miss the troll.
The troll is severely wounded.
The troll bites you.
* * * LOW HITPOINT WARNING * * *
The troll claws you but does no damage. x2
You hit the troll.
The troll is almost dead.
The troll bites you!
* * * LOW HITPOINT WARNING * * *
The troll claws you but does no damage. The troll claws you!
You die...

#############################
...........T@................
...........##...###..###.####
.###.......##...# #..# #.# #
#.......##...# #..# #.# #
#.......##..[# #..# #.# #
#.......##...# #..# #.# #
#.......##...# #..# #.# #
#.......##...# #.<# #.# #
#.......##...# #..# #.# #


You could see a troll.

Vanquished Creatures
  Psyche (D:8)
  A wyvern (D:8)
  Eustachio (D:6)
  A basilisk (D:8)
  Edmund (D:5)
  A water moccasin (D:5)
  2 sky beasts
  A black bear (D:6)
  An orc warrior (D:8)
  3 ogres
  A necrophage (D:7)
  4 centaurs (D:6)
  A crocodile (D:8)
  4 big kobolds
  2 bullfrogs (D:8)
  4 scorpions
  2 electric eels (D:4)
  4 crimson imps
  A bullfrog zombie (D:5)
  5 hounds
  2 jellies (D:5)
  2 orc priests
  3 bullfrog skeletons
  2 iguanas (D:5)
  4 orc wizards
  6 worker ants
  A killer bee zombie (D:6)
  A worker ant zombie (D:7)
  5 adders
  10 gnolls
  3 shadow imps
  2 oozes (D:5)
  2 adder zombies
  3 worms
  5 dart slugs
  3 leopard geckos
  20 orcs
  2 giant cockroaches
  5 goblins
  6 hobgoblins
  11 jackals
  5 quokkas
  6 bats
  3 frilled lizards
  16 kobolds
  A leopard gecko zombie (D:5)
  A quokka zombie (D:5)
  9 rats
180 creatures vanquished.

Vanquished Creatures (others)
  A kobold (D:5)
1 creature vanquished.

Grand Total: 181 creatures vanquished

Notes
Turn   | Place    | Note
-------+----------+-------------------------------------------
     0 | D:1      | spiff the Human Warper began the quest for the Orb.
     0 | D:1      | Reached XP level 1. HP: 16/16 MP: 3/3
   361 | D:1      | Reached XP level 2. HP: 23/23 MP: 5/5
   602 | D:1      | Reached XP level 3. HP: 28/28 MP: 6/6
   902 | D:2      | Found an opulent altar of Gozag.
  1023 | D:2      | Learned a level 2 spell: Blink
  1114 | D:2      | Reached XP level 4. HP: 20/35 MP: 7/7
  1368 | D:2      | Noticed a moth of wrath
  1371 | D:2      | Found a bloodstained altar of Trog.
  1708 | D:2      | Noticed an earth elemental
  1709 | D:2      | Found a stormy altar of Qazlal.
  1710 | D:2      | Noticed a fire elemental
  1711 | D:2      | Noticed an air elemental
  1711 | D:2      | Noticed a water elemental
  1802 | D:3      | Noticed olivier's ghost (amateur MfGl)
  2778 | D:3      | Reached XP level 5. HP: 40/41 MP: 8/8
  3551 | D:4      | Found a staircase to the Ecumenical Temple.
  3560 | Temple   | Entered the Ecumenical Temple
  3604 | Temple   | Became a worshipper of Cheibriados the Contemplative
  3895 | D:4      | Found a transporter.
  3952 | D:4      | Reached XP level 6. HP: 43/48 MP: 9/9
  3976 | D:4      | Found a transporter.
  4206 | D:4      | Found a radiant altar of Vehumet.
  4583 | D:4      | Reached skill level 5 in Fighting
  4583 | D:4      | Reached skill level 5 in Long Blades
  4583 | D:4      | Reached XP level 7. HP: 56/56 MP: 10/10
  4765 | D:5      | Entered Level 5 of the Dungeon
  4880 | D:5      | Reached * piety under Cheibriados
  5145 | D:5      | Learned a level 2 spell: Shroud of Golubria
  5197 | D:5      | Learned a level 4 spell: Passage of Golubria
  5666 | D:5      | Found a shimmering altar of Xom.
  5847 | D:5      | Found Ytuudog's General Store.
  5852 | D:5      | Bought a potion of might for 52 gold pieces
  6042 | D:5      | Noticed Edmund
  6097 | D:5      | Reached skill level 5 in Translocations
  6202 | D:5      | Killed Edmund
  6202 | D:5      | Reached XP level 8. HP: 45/62 MP: 11/11
  6802 | D:5      | Reached ** piety under Cheibriados
  7885 | D:6      | Noticed Eustachio
  8347 | D:6      | Killed Eustachio
  8347 | D:6      | Reached skill level 5 in Dodging
  8462 | D:6      | Reached XP level 9. HP: 63/68 MP: 12/12
  8858 | D:6      | Reached *** piety under Cheibriados
  9022 | D:6      | Learned a level 3 spell: Lesser Beckoning
  9979 | D:7      | Found Tikedih's General Store.
 10216 | D:8      | Found a glowing golden altar of the Shining One.
 10261 | D:8      | Found a shattered altar of Ashenzari.
 10627 | D:8      | Reached XP level 10. HP: 77/79 MP: 13/13
 10839 | D:8      | Found a stormy altar of Qazlal.
 11070 | D:8      | Reached **** piety under Cheibriados
 11283 | D:8      | Reached skill level 1 in Invocations
 11819 | D:8      | Noticed Psyche
 11829 | D:8      | Killed Psyche
 12282 | D:9      | Slain by a troll

Skill      XL: |  1  2  3  4  5  6  7  8  9 10 |
---------------+-------------------------------+-----
Fighting       | 3 4 5 7 |  7.0
Long Blades    | 3 4 5 7 8 |  8.1
Translocations | 5 7 8 |  8.1
Dodging        | 5 |  5.0
Invocations    | 3 |  3.0
Spellcasting   | 3 |  3.7
Throwing       | |  1.0
Armour         | |  1.0

Action                   |  1- 3 |  4- 6 |  7- 9 | 10-12 || total
-------------------------+-------+-------+-------+-------++-------
Melee: Falchion          |    42 |       |       |       ||    42
       Dagger            |    42 |   168 |   144 |    22 ||   376
       Long sword        |       |    17 |   272 |    87 ||   376
Throw: Tomahawk          |       |     4 |     7 |       ||    11
 Cast: Blink             |       |     1 |     4 |       ||     5
       Shroud of Golubri |       |       |     2 |       ||     2
Evoke: Wand              |       |     3 |     8 |     4 ||    15
  Use: Scroll            |       |    12 |     2 |       ||    14
       Potion            |       |       |     2 |     4 ||     6
 Stab: Distracted        |       |       |     1 |       ||     1
       Sleeping          |       |       |     2 |     1 ||     3
  Eat: Chunk             |     1 |    11 |    10 |     2 ||    24
Armor: Leather armour    |    17 |       |       |       ||    17
       Scale mail        |    14 |    73 |    43 |    15 ||   145
       Ring mail         |       |       |    81 |     6 ||    87
Dodge: Dodged            |    82 |    99 |   269 |    73 ||   523
       Rpst.: Falchion   |    22 |       |       |       ||    22
       Long sword        |       |     4 |    66 |    11 ||    81
